 Dungeon Crawl Stone Soup version 0.29.1-15-g9cfb28693d (webtiles) character file.

Game seed: 3013864375499557086

26 javelincjr the Magician (level 2, -2/20 HPs)
             Began as a Demonspawn Hedge Wizard on Mar 31, 2023.
             Slain by Terence
             ... wielding a +0 hand axe of electrocution
              (8 damage)
             ... on level 2 of the Dungeon.
             The game lasted 00:02:24 (1830 turns).

javelincjr the Magician (Demonspawn Hedge Wizard)   Turns: 1830, Time: 00:02:25

Health: -2/20      AC:  2    Str: 10    XL:     2   Next: 89%
Magic:  0/6        EV: 12    Int: 15    God:
Gold:   86         SH:  0    Dex: 12    Spells: 6/7 levels left

rFire   . . .      SeeInvis .   a - +0 dagger
rCold   . . .      Faith    .   (no shield)
rNeg    . . .      Spirit   .   b - +0 robe
rPois   .          Reflect  .   c - +0 hat
rElec   .          Harm     .   (no cloak)
rCorr   .          Rampage  .   (no gloves)
Will    .....                   (no boots)
Stlth   ++........              (no amulet)
HPRegen 0.06/turn               (no ring)
MPRegen 0.20/turn               (no ring)

@: no status effects
A: magic regeneration
a: no special abilities


You were on level 2 of the Dungeon.
You visited 1 branch of the dungeon, and saw 2 of its levels.

You collected 86 gold pieces.

Inventory:

Hand Weapons
 a - a +0 dagger (weapon)
Armour
 b - a +0 robe (worn)
 c - a +0 hat (worn)
Scrolls
 f - a scroll of magic mapping {unknown}
 h - a scroll of identify {unknown}
 j - a scroll of enchant armour {unknown}
Potions
 d - a potion of magic
 e - a potion of lignification {unknown}
 g - a potion of curing {unknown}
 i - a potion of heal wounds {unknown}
 k - a potion of haste


   Skills:
 * Level 0.7 Fighting
 + Level 0.3 Armour
 + Level 1.9 Dodging
 - Level 1.8 Stealth
 * Level 3.2 Spellcasting
 + Level 1.2 Conjurations
 + Level 1.3 Summonings
 + Level 1.1 Translocations


You had 6 spell levels left.
You knew the following spells:

 Your Spells              Type           Power      Damage    Failure   Level
a - Magic Dart            Conj           24%        1d4       12%         1

Your spell library contained the following spells:

 Spells                   Type           Power      Damage    Failure   Level
 Call Imp                 Summ           6%         N/A       17%         2
 Blink                    Tloc           10%        N/A       19%         2
 Slow                     Hex            8%         N/A       21%         1
 Conjure Flame            Conj/Fire      4%         6-21      41%         3
 Mephitic Cloud           Conj/Pois/Air  3%         N/A       45%         3


Dungeon Overview and Level Annotations

Branches:
Dungeon (2/15)

Altars:

Annotations:
D:2 Terence


Innate Abilities, Weirdness & Mutations

You regenerate magic rapidly.


Message History

Your magical contamination has completely faded away.
HP restored.
Found a scale mail.
You see here a +0 scale mail.
Found a stone staircase leading up.
You now have 86 gold pieces (gained 12).
You open the door.
There is an open door here.
There is an open door here.
Terence and a kobold come into view.
Terence is wielding a +0 hand axe of electrocution.
Terence shouts!
The kobold shouts!
The magic dart hits Terence but does no damage.
The magic dart hits Terence but does no damage.
The magic dart hits Terence but does no damage.
The magic dart hits Terence but does no damage.
Terence drinks a potion.
Terence seems to speed up.
The magic dart hits Terence but does no damage.
Terence misses you.
The magic dart hits Terence but does no damage.
Terence hits you with a +0 hand axe of electrocution!
The magic dart hits Terence but does no damage.
Terence closely misses you.
Terence says, "Time to say good-bye..."
Terence hits you with a +0 hand axe of electrocution.
Unknown command.
You are too injured to fight recklessly!
Casting: Magic Dart (safe; 12% risk of failure)
Confirm with . or Enter, or press ? or * to list all spells.
Aiming: Magic Dart (safe; 12% risk of failure)
Press: ? - help, Shift-Dir - straight line, f/p - Terence
Aim: Terence, wielding a +0 hand axe of electrocution and wearing a +0 scale mail (fast, 100% to hit)
The magic dart hits Terence but does no damage.
Terence hits you with a +0 hand axe of electrocution.
* * * LOW HITPOINT WARNING * * *
You hit Terence.
Terence is lightly wounded.
Terence says, "Rest in peace."
Terence hits you with a +0 hand axe of electrocution!
You die...

### ### ..# .......
..# #.......# ..#
###........ .##
#.......... .## #.
#.#........ ..### #.
#@#........ ....#
##.##@#....... ..#.###
#....K....# ......#
#.......### ###.#.#
#........# ##.#.#
#.......## ##..#.#
#......##
#...#.########....####
.....................+


You could see Terence (fast) and a kobold.

Vanquished Creatures
  2 ball pythons
  3 endoplasms
  A giant cockroach (D:1)
  2 goblins
  3 hobgoblins (D:1)
  3 jackals (D:1)
  A kobold (D:2)
  2 quokkas (D:1)
  2 bats (D:1)
  A frilled lizard (D:2)
  2 rats (D:1)
22 creatures vanquished.

Notes
Turn   | Place    | Note
-------+----------+-------------------------------------------
     0 | D:1      | javelincjr the Demonspawn Hedge Wizard began the quest for
                  | the Orb.
     0 | D:1      | Reached XP level 1. HP: 13/13 MP: 4/4
   200 | D:1      | Reached skill level 1 in Translocations
   508 | D:1      | Gained mutation: You regenerate magic rapidly. [demonic
                  | ancestry]
   508 | D:1      | Reached XP level 2. HP: 13/19 MP: 0/6
  1818 | D:2      | Noticed Terence
  1830 | D:2      | Slain by Terence

Illustrated notes

Levels and vault maps discovered:
D:1:      lightli_arrival_statue_moat, layout_basic, grunt_decor_clamped,
          hangedman_decor_opposing
D:2:      minmay_chambers_of_twos, layout_loops_corners, uniq_terence

Skill      XL: |  1 |
---------------+----+-----
Translocations | 1 |  1.1
Fighting       | |  0.7
Armour         | |  0.3
Dodging        | |  1.9
Stealth        | |  1.8
Spellcasting   | |  3.2
Conjurations   | |  1.2
Summonings     | |  1.3

Action                   || total
-------------------------++-------
Melee: Dagger            ||    32
       Punch             ||     1
 Cast: Magic Dart        ||    57
Armor: Robe              ||     4
Dodge: Dodged            ||    34
